 Dungeon Crawl Stone Soup version 0.18-a0-1140-g8540535 (webtiles) character file.

8889 smeego the Cleaver (level 11, -4/92 HPs)
             Began as a Hill Orc Fighter on Jan 21, 2016.
             Was a Follower of Qazlal.
             Slain by an unseen horror (7 damage)
             ... on level 10 of the Dungeon.
             The game lasted 00:23:00 (10229 turns).

smeego the Cleaver (Hill Orc Fighter)              Turns: 10229, Time: 00:23:00

Health: -4/92      AC: 17    Str: 23    XL:     11   Next: 37%
Magic:  16/16      EV:  6    Int: 10    God:    Qazlal [*.....]
Gold:   324        SH: 14    Dex: 12    Spells: 0 memorised, 10 levels left

rFire  . . .     SeeInvis .     a - +1 war axe
rCold  . . .     Gourm    .     k - +0 plate armour
rNeg   + . .     Faith    .     c - +0 shield
rPois  .         Spirit   .     x - +1 helmet
rElec  .         Dismiss  .     u - +0 cloak
rCorr  .         Reflect  .     (no gloves)
SustAt .         Harm     .     (no boots)
MR     +....                    (no amulet)
Stlth  ..........               y - ring of protection from magic
                                h - ring of positive energy

@: about to teleport, somewhat resistant to hostile enchantments, extremely
unstealthy
A: agile 1, clever 1, mutation resistance 1
a: Renounce Religion


You were on level 10 of the Dungeon.
You worshipped Qazlal.
Qazlal was aware of your devotion.
You were not hungry.

You visited 3 branches of the dungeon, and saw 12 of its levels.
You also visited: Sewer.

You collected 678 gold pieces.
You spent 354 gold pieces at shops.

Inventory:

Hand Weapons
 a - a +1 war axe (weapon)
 r - the cursed +3 dagger of Forced Transition {pierce, *Confuse MR++ Int+4 SInv, unknown}
   (You found it on level 10 of the Dungeon)

   It inflicts extra damage upon your enemies.
   It affects your intelligence (+4).
   It affects your resistance to hostile enchantments.
   It lets you see invisible.
   It may confuse you when you take damage.
   It has a curse placed upon it.
 w - a -1 broad axe
Missiles
 n - 2 tomahawks (quivered)
Armour
 c - a +0 shield (worn)
 k - a +0 plate armour (worn)
 u - a +0 cloak (worn)
 x - a +1 helmet (worn)
 G - the +1 chain mail "Cuisonol" {+Inv Str+2}
   (You bought it in a shop on level 8 of the Dungeon)

   It affects your strength (+2).
   It lets you turn invisible.
 L - a +1 plate armour of cold resistance
Jewellery
 h - a ring of positive energy (left hand)
 i - an uncursed ring of protection from fire
 m - an uncursed ring of teleportation
 y - a ring of protection from magic (right hand)
 H - a +4 ring of strength
Wands
 A - a wand of polymorph (15/24)
 B - a wand of fire (0/15)
 J - a wand of polymorph (12/24)
Scrolls
 b - 4 scrolls of teleportation
 e - 11 scrolls of remove curse
 g - 3 scrolls of blinking
 l - a scroll of fog
 p - 5 scrolls of magic mapping
 v - a scroll of enchant weapon
 D - a scroll of fear {unknown}
 F - a scroll of immolation {unknown}
 K - a scroll of holy word {unknown}
Potions
 o - 2 potions of flight
 q - 3 potions of brilliance
 s - a potion of cure mutation
 t - 2 potions of lignification
 z - a potion of magic
Books
 d - the Tome of Enchanting Darkness
   (You found it on level 9 of the Dungeon)

   Spells                             Type                      Level
   a - Corpse Rot                     Necromancy                   2
   b - Sublimation of Blood           Necromancy                   2
   c - Confuse                        Hexes                        3
   d - Vampiric Draining              Necromancy                   3
   e - Control Undead                 Necromancy                   4
   f - Invisibility                   Hexes                        6
 E - a book of Changes

   Spells                             Type                      Level
   a - Beastly Appendage              Transmutation                1
   b - Sticks to Snakes               Transmutation                2
   c - Spider Form                    Transmutation/Poison         3
   d - Ice Form                       Ice/Transmutation            4
   e - Blade Hands                    Transmutation                5
 I - a Necronomicon

   Spells                             Type                      Level
   a - Haunt                          Necromancy/Summoning         7
   b - Borgnjor's Revivification      Necromancy                   8
   c - Death's Door                   Charms/Necromancy            8
   d - Necromutation                  Transmutation/Necromancy     8
Comestibles
 f - 5 bread rations
 j - 8 meat rations
 C - a beef jerky


   Skills:
 + Level 7.3 Fighting
 * Level 11.6 Axes
 * Level 5.2 Throwing
 + Level 8.9 Armour
 + Level 1.9 Dodging
 + Level 9.4 Shields
 * Level 7.9 Invocations
 + Level 0.4 Evocations


You had 10 spell levels left.
You didn't know any spells.

Dungeon Overview and Level Annotations

Branches:
Dungeon (10/15)            Temple (1/1) D:5            Lair (1/8) D:8
    Orc: D:9-12

Altars:
Ashenzari
Dithmenos
Elyvilon
Fedhas
Gozag
Kikubaaqudgha
Nemelex Xobeh
Okawaru
Pakellas
Qazlal
Ru
Sif Muna
Trog
Vehumet
Yredelemnul
Zin
The Shining One

Shops:
D:5 *   D:7 =*(*=   D:8 [


Innate Abilities, Weirdness & Mutations

You are agile. (Dex +2)
Your mind is acute. (Int +2)
You are somewhat resistant to further mutation.


Message History

* * * LOW HITPOINT WARNING * * *
Something hits you but does no damage. Something hits you.
* * * LOW HITPOINT WARNING * * *
You hit something but do no damage. You block its attack.
Something hits you but does no damage.
Drink which item? (? for menu, Esc to quit)
Okay, then.
Read which item? (? for menu, Esc to quit)
As you read the scroll of teleportation, it crumbles to dust.
You feel strangely unstable. Something hits you!
* * * LOW HITPOINT WARNING * * *
Something hits you but does no damage.
Unknown command.
Read which item? (? for menu, Esc to quit)
Okay, then.
Unknown command.
You slash something!
Something hits you but does no damage. x2
You miss something. Something hits you!
You die...

#.....#...........#.#....###..#
#######...........#.#.....#.§..
#................#..#$.#.
#................#######.
#................#..#..#(
#...................#..(.
####.###.......#.#....###.$.
#.....##########.#.........#
#.....'....@.....#.#..[....#
#.....##.#########.........#
#.$...##.#########....###(..
#.....##..§............#..(.
####...................#.$#..#)
#......................#######.
#..........##########..#..#..#.
#........### #.....#....
#.......## .#######....###..#


There were no monsters in sight!

Vanquished Creatures
  A centaur warrior (D:10)
  2 hill giants (D:10)
  A hornet (shapeshifter) (D:10)
  A gargoyle (D:10)
  A two-headed ogre (D:8)
  A spriggan (D:7)
  18 yaks
  A hippogriff (D:9)
  A hungry ghost (D:10)
  Menkaure (D:7)
  An eye of draining (D:10)
  A porcupine (D:7)
  A sky beast (D:7)
  2 ice beasts
  3 orc warriors
  A phantom (D:10)
  3 ogres
  2 centaurs
  2 crocodiles (D:8)
  2 giant frogs
  2 big kobolds
  A wyvern skeleton (D:10)
  2 scorpions
  6 crimson imps
  A giant frog zombie (D:9)
  3 quasits
  A jelly (D:10)
  3 hounds
  A centaur skeleton (D:5)
  3 orc priests
  6 orc wizards
  4 giant frog skeletons
  2 iguanas
  Ijyb (D:3)
  4 worker ants
  A hound skeleton (D:7)
  14 adders
  4 gnolls (D:7)
  10 river rats
  2 shadow imps
  An ooze (D:3)
  2 adder skeletons
  3 worms
  5 giant geckos
  28 orcs
  5 ball pythons
  5 bats
  A bat zombie (D:1)
  9 giant cockroaches
  11 hobgoblins
  12 jackals
  3 quokkas
  9 giant newts
  8 goblins
  A jackal zombie (D:1)
  11 kobolds
  17 rats
248 creatures vanquished.

Vanquished Creatures (others)
  A fungus (Lair:1)
1 creature vanquished.

Grand Total: 249 creatures vanquished

Notes
Turn   | Place    | Note
--------------------------------------------------------------
     0 | D:1      | smeego the Hill Orc Fighter began the quest for the Orb.
     0 | D:1      | Reached XP level 1. HP: 19/19 MP: 1/1
   160 | D:1      | Reached XP level 2. HP: 22/27 MP: 2/2
   842 | D:2      | Reached XP level 3. HP: 33/33 MP: 3/3
   894 | D:2      | Reached skill level 4 in Armour
  1044 | D:2      | Gained mutation: Your mind is acute. (Int +2) [potion of beneficial mutation]
  1274 | D:2      | Reached XP level 4. HP: 31/40 MP: 4/4
  1514 | D:2      | Gained mutation: You are agile. (Dex +2) [potion of mutation]
  1514 | D:2      | Gained mutation: You are somewhat resistant to further mutation. [potion of mutation]
  1737 | D:2      | Reached XP level 5. HP: 43/46 MP: 5/5
  1831 | D:3      | Noticed Ijyb
  1839 | D:3      | Killed Ijyb
  1884 | D:3      | Found a glowing silver altar of Zin.
  1918 | D:3      | Reached skill level 5 in Armour
  1918 | D:3      | Reached XP level 6. HP: 47/52 MP: 6/6
  2333 | D:4      | Reached skill level 5 in Shields
  2615 | D:4      | Found a sacrificial altar of Ru.
  2743 | D:4      | Reached skill level 5 in Axes
  2752 | D:4      | Reached XP level 7. HP: 54/60 MP: 7/7
  3162 | D:5      | Entered Level 5 of the Dungeon
  3215 | D:5      | Found Ymibil's Assorted Antiques.
  3345 | D:5      | Found a staircase to the Ecumenical Temple.
  3353 | Temple   | Entered the Ecumenical Temple
  3359 | Temple   | Became a worshipper of Qazlal Stormbringer
  3569 | D:5      | HP: 3/60 [ogre/giant club (11)]
  3720 | D:5      | Reached skill level 1 in Invocations
  3744 | D:5      | Found a glowing drain.
  3748 | Sewer    | Entered a sewer
  4060 | Sewer    | Reached * piety under Qazlal
  4416 | D:5      | Found a shattered altar of Ashenzari.
  4612 | D:7      | Found Aryedy's Antique Weapon Boutique.
  4616 | D:7      | Bought a glowing broad axe for 136 gold pieces
  4684 | D:7      | Reached skill level 6 in Axes
  4733 | D:7      | Found Sutsaplib's Jewellery Shop.
  4884 | D:7      | Found Ywoargh's Assorted Antiques.
  4905 | D:7      | Found Afruog's Jewellery Boutique.
  4964 | D:7      | Reached XP level 8. HP: 51/67 MP: 9/9
  4978 | D:7      | Found Nol Limush's Assorted Antiques.
  5204 | D:7      | Reached skill level 5 in Fighting
  5204 | D:7      | Reached skill level 1 in Dodging
  5300 | D:7      | Noticed Menkaure
  5309 | D:7      | Killed Menkaure
  5309 | D:7      | Reached skill level 7 in Axes
  5405 | D:7      | Noticed a spriggan baker
  5414 | D:7      | Killed a spriggan baker
  5414 | D:7      | Reached skill level 1 in Throwing
  5760 | D:8      | Found a staircase to the Lair.
  5794 | D:8      | Reached skill level 8 in Axes
  5802 | D:8      | Reached XP level 9. HP: 30/74 MP: 11/11
  6130 | D:8      | Noticed a two-headed ogre
  6173 | Lair:1   | Entered Level 1 of the Lair of Beasts
  6195 | Lair:1   | Reached ** piety under Qazlal
  6278 | Lair:1   | Noticed a four-headed hydra
  6287 | Lair:1   | Noticed a seven-headed hydra
  6338 | Lair:1   | Noticed a seven-headed hydra
  6341 | Lair:1   | Noticed a four-headed hydra
  6350 | Lair:1   | Noticed a spiny frog
  6698 | D:9      | Reached skill level 9 in Axes
  6716 | D:9      | Reached skill level 5 in Invocations
  7104 | D:9      | Identified the Tome of Enchanting Darkness (You found it on level 9 of the Dungeon)
  7204 | D:9      | Reached XP level 10. HP: 39/83 MP: 13/13
  7705 | D:9      | Found an ancient bone altar of Kikubaaqudgha.
  7840 | D:10     | Entered Level 10 of the Dungeon
  7882 | D:10     | Reached skill level 10 in Axes
  7956 | D:10     | Noticed a hill giant
  7957 | D:10     | Noticed a hill giant
  8447 | D:8      | Found Toutisis's Antique Armour Shop.
  8458 | D:8      | Bought a spiked chain mail for 218 gold pieces
  8468 | D:8      | Identified the +1 chain mail "Cuisonol" {+Inv Str+2} (You bought it in a shop on level 8 of the Dungeon)
  9230 | D:10     | Noticed a centaur warrior
  9231 | D:10     | Found an iron altar of Okawaru.
  9256 | D:10     | Killed a centaur warrior
  9256 | D:10     | Reached skill level 11 in Axes
  9256 | D:10     | Reached XP level 11. HP: 47/92 MP: 16/16
  9464 | D:10     | Killed a hill giant
  9493 | D:10     | Killed a hill giant
  9497 | D:10     | Reached skill level 5 in Throwing
  9501 | D:10     | Got a dazzling dagger
  9515 | D:10     | Noticed a hornet
  9529 | D:10     | Killed a hornet
 10227 | D:10     | HP: 3/92 [something (7)]
 10229 | D:10     | Slain by an unseen horror

Vault maps used:
D:1:      saegor_arrival_fortress, minmay_misc_feat_roman
D:2:      feat_on_display
D:3:      nicolae_overflow_crystal_walls, uniq_iyjb
D:4:      lemuel_doored_altar
D:5:      minmay_temple_entry_glassed_door, first_bread, basic_altar,
          gup_sewer_entry_spiral, serial_shops, shop_statue
D:6:      uniq_pikel, uniq_grinder
D:7:      serial_shops, shop, shop_fountains, shop, shop,
          nicolae_shop_statue_plus, the_bakery, uniq_menkaure
D:8:      dpeg_lair_monsters, serial_shops, shop
D:9:      tgw_kikubaaqudgha
D:10:     hangedman_cross_cluster, nicolae_trove_entry_diagonal
Temple:   dpeg_three_leaves_temple_18
Lair:1:   nicolae_volcano_entry_batcave, lemuel_fruit_tree, grunt_megastairs_3
Sewer:    sewer_co_cracked_pipes

Action                   |  1- 3 |  4- 6 |  7- 9 | 10-12 || total
-------------------------+-------+-------+-------+-------++-------
Melee: War axe           |   158 |   221 |   427 |   295 ||  1101
       Broad axe         |       |       |    40 |       ||    40
Throw: Tomahawk          |       |       |       |    40 ||    40
Invok: Upheaval          |       |       |       |     9 ||     9
Evoke: Wand              |       |       |     3 |       ||     3
  Use: Potion            |     2 |     1 |     3 |     5 ||    11
       Scroll            |       |    10 |    11 |     3 ||    24
  Eat: Chunk             |     1 |     5 |     8 |     4 ||    18
       Bread ration      |       |       |     2 |     2 ||     4
       Fruit             |       |       |       |     1 ||     1
